 Dungeon Crawl Stone Soup version 0.26.1-10-gdfb7c7de75 (webtiles) character file.

Game seed: 18044008767831977798

20 goldendragon the Skirmisher (level 2, -6/24 HPs)
             Began as a Demonspawn Berserker on Apr 9, 2021.
             Was a Follower of Trog.
             Mangled by a kobold
             ... wielding a +0 short sword
              (7 damage)
             ... on level 2 of the Dungeon.
             The game lasted 00:03:39 (1305 turns).

goldendragon the Skirmisher (Demonspawn Berserker)  Turns: 1305, Time: 00:03:39

Health: -6/24      AC:  2    Str: 17    XL:     2   Next: 58%
Magic:  2/2        EV: 12    Int:  8    God:    Trog [*.....]
Gold:   56         SH:  0    Dex: 12    Spells: 1/1 levels left

rFire    . . .     SeeInvis .   a - +0 short sword
rCold    . . .     Faith    .   (no shield)
rNeg     . . .     Spirit   .   b - +0 animal skin
rPois    .         Reflect  .   (no helmet)
rElec    .         Harm     .   (no cloak)
rCorr    .         Rampage  .   (no gloves)
Will     .....                  (no boots)
Stlth    +.........             (no amulet)
HPRegen  0.08/turn              (no ring)
MPRegen  0.08/turn              (no ring)

@: berserk cooldown, slowed, very slow
A: sturdy frame 1
a: Renounce Religion, Berserk


You were on level 2 of the Dungeon.
You worshipped Trog.
Trog was aware of your devotion.
You visited 1 branch of the dungeon, and saw 2 of its levels.

You collected 56 gold pieces.

Inventory:

Hand Weapons
 a - a +0 short sword (weapon)
Armour
 b - a +0 animal skin (worn)
Scrolls
 e - 2 scrolls of identify {unknown}
 f - a scroll of noise {unknown}
 h - a scroll of magic mapping {unknown}
 k - 2 scrolls of amnesia {unknown}
Potions
 c - 2 potions of curing {unknown}
 d - a potion of attraction {unknown}
 g - a potion of degeneration {unknown}
 i - a potion of flight {unknown}
 j - a potion of lignification {unknown}


   Skills:
 + Level 3.5 Fighting
 + Level 3.0 Short Blades
 + Level 1.8 Armour
 + Level 1.8 Dodging
 + Level 0.1 Stealth


You had one spell level left.
You didn't know any spells.
Your spell library was empty.

Dungeon Overview and Level Annotations

Branches:
Dungeon (2/15)

Altars:


Innate Abilities, Weirdness & Mutations

Your movements are slightly less encumbered by armour. (ER -2)


Message History

You kill the goblin!
Trog accepts your kill.
The kobold throws a stone.
The stone misses you.
You feel a strong urge to attack something.
You are no longer berserk.
You are exhausted.
You feel yourself slow down.
The kobold throws a stone.
The stone hits you but does no damage.
The kobold throws a stone.
The stone closely misses you.
Found a scroll labelled WAOLLIB WUROPN and 12 bolts.
The kobold closely misses you.
The kobold hits you with a +0 short sword.
The kobold hits you with a +0 short sword.
You closely miss the kobold.
The kobold hits you with a +0 short sword.
* * * LOW HITPOINT WARNING * * *
The kobold hits you with a +0 short sword.
* * * LOW HITPOINT WARNING * * *
The kobold hits you with a +0 short sword!
You die...

#. ####.. #.# . #.##....
#.# ..##.#..#.######.#
......>........#.##
..................###
#...........(#....###.
###............#........
...............#@..#
###....<...†...K...#.?#.
##....................
#................###.#
#......(.!.........#
###....!.(...#.......#
......###...#...###.#
#.................. #
#......#####...#...#


You could see a kobold.

Vanquished Creatures
  A dart slug (D:1)
  3 goblins
  4 hobgoblins (D:1)
  A kobold (D:1)
  A quokka (D:2)
  2 ball pythons (D:1)
  2 bats (D:1)
  2 frilled lizards (D:1)
16 creatures vanquished.

Notes
Turn   | Place    | Note
-------+----------+-------------------------------------------
     0 | D:1      | goldendragon the Demonspawn Berserker began the quest for
                  | the Orb.
     0 | D:1      | Reached XP level 1. HP: 18/18 MP: 1/1
   346 | D:1      | Gained mutation: Your movements are slightly less
                  | encumbered by armour. (ER -2) [demonic ancestry]
   346 | D:1      | Reached XP level 2. HP: 24/24 MP: 2/2
  1304 | D:2      | HP: 1/24 [kobold/+0 short sword (3)]
  1305 | D:2      | Mangled by a kobold

Illustrated notes

Levels and vault maps discovered:
D:1:      lemuel_arrival_broad_hall, layout_basic, minmay_misc_feat_room
D:2:      layout_rooms, fedhas_altar_4, lemuel_round_altar,
          grunt_temple_overflow_open, uniq_jessica

Skill      XL: |  1 |
---------------+----+-----
Short Blades   | 3 |  3.0
Fighting       | |  3.5
Armour         | |  1.8
Dodging        | |  1.8
Stealth        | |  0.1

Action                   || total
-------------------------++-------
Melee: Short sword       ||    56
Invok: Berserk           ||     1
Armor: Animal skin       ||    16
Dodge: Dodged            ||    48
